 Dungeon Crawl Stone Soup version 0.16.0-12-g7215832 (webtiles) character file.

193534 Medar the Spry (level 18, -6/107 HPs)
             Began as a Tengu Summoner on Mar 17, 2015.
             Was the Champion of Sif Muna.
             Killed from afar by a spellforged servitor (53 damage)
             ... with a crystal spear
             ... summoned by a lich
             ... while paralysed by a lich
             ... on level 2 of the Abyss on Mar 18, 2015.
             The game lasted 05:35:32 (69712 turns).

Medar the Spry (Tengu Summoner)                    Turns: 69712, Time: 05:35:33

Health: -6/107     AC: 26    Str: 14    XL:     18   Next: 72%
Magic:  45/45      EV:  2    Int: 17    God:    Sif Muna [******]
Gold:   605        SH:  0    Dex: 16    Spells: 11 memorised, 1 level left

rFire  + . .     SeeInvis .     a - +4 scimitar (flame)
rCold  + + .     Clarity  .     d - +5 pearl dragon armour
rNeg   + . .     SustAb   .     H - +2 buckler {rC+}
rPois  +         Gourm    +     t - +1 hat {rF+}
rElec  +         Spirit   .     T - +1 cloak {+Inv}
rCorr  .         Warding  .     k - +2 pair of gloves {archery}
rMut   .         Stasis   .     (boots unavailable)
MR     ++...                    E - amulet of the gourmand
Stlth  +.........               y - ring "Megerr" {rElec rC+ MR+ Stlth+}
                                J - ring "Thid" {+Blink rPois MP+9}

@: paralysed, flying quickly and evasively, very slightly contaminated,
regenerating (expiring), quick, very resistant to hostile enchantments, very
unstealthy
A: able to fly continuously, beak, talons 3, shaggy fur 1
a: Stop Flying, Channel Energy, Forget Spell, Renounce Religion, Evoke Blink,
Evoke Invisibility


You were on level 2 of the Abyss.
You worshipped Sif Muna.
Sif Muna was exalted by your worship.
You were not hungry.

You visited 7 branches of the dungeon, and saw 39 of its levels.
You visited the Abyss 1 time.
You visited 1 bazaar.
You also visited: Sewer, Ossuary, Ice Cave and Volcano.

You collected 5014 gold pieces.
You spent 4409 gold pieces at shops.

Inventory:

Hand weapons
 a - a +4 scimitar of flaming (weapon)
Armour
 d - a +5 pearl dragon armour (worn)
 k - a +2 pair of gloves of archery (worn)
 t - a +1 hat of fire resistance (worn)
 H - a +2 buckler of cold resistance (worn)
 R - a +2 hat of see invisible
 T - a +1 cloak of invisibility (worn)
Magical staves
 p - an uncursed staff of air
 B - an uncursed staff of poison {!a}
Jewellery
 s - an uncursed ring of teleportation
 y - the ring "Megerr" (right hand) {rElec rC+ MR+ Stlth+}
   (You bought it in a shop on level 4 of the Orcish Mines)

   [ring of protection from magic]

   It protects you from cold.
   It insulates you from electricity.
   It affects your resistance to hostile enchantments.
   It makes you more stealthy.
 E - an amulet of the gourmand (around neck)
 J - the ring "Thid" (left hand) {+Blink rPois MP+9}
   (You found it on level 3 of the Shoals)

   [ring of poison resistance]

   It protects you from poison.
   It affects your magic capacity (+9).
   It lets you blink.
 O - an uncursed ring of wizardry
 U - an uncursed ring of wizardry
Magical devices
 b - a wand of teleportation (7)
 g - a wand of fireball (5)
 I - a wand of teleportation (2)
 M - a wand of teleportation (6)
 P - a wand of cold (5)
 W - a wand of digging (11)
 X - a wand of disintegration (15)
Scrolls
 f - 4 scrolls of teleportation
 h - a scroll of silence {!r}
 m - 3 scrolls of blinking
 n - 7 scrolls of recharging
 q - 12 scrolls of remove curse {@r1}
 r - 3 scrolls of identify {@r2}
 u - 4 scrolls of fog
 x - 2 scrolls of amnesia
 F - a scroll of enchant weapon
 G - a scroll of holy word
 Y - a scroll of magic mapping
Potions
 i - 2 potions of haste
 j - 13 potions of curing {@q1}
 w - 6 potions of restore abilities
 z - 5 potions of heal wounds
 C - 8 potions of might
 K - 3 potions of brilliance
 L - 4 potions of cancellation
 N - 3 potions of magic
 Q - 4 potions of ambrosia
 V - 4 potions of agility
 Z - a potion of berserk rage {!q}
Miscellaneous
 o - a lamp of fire
 D - 2 phantom mirrors
Comestibles
 c - 20 bread rations
 l - 19 fruits
 v - 15 royal jellies
 A - a meat ration


   Skills:
 - Level 10.0 Fighting
   Level 2.6(9.7) Short Blades
 - Level 14.0(14.1) Long Blades
   Level 4.0 Axes
 - Level 8.8 Armour
 - Level 17.7 Dodging
 - Level 2.0 Stealth
 - Level 4.0 Shields
 - Level 10.1 Spellcasting
 - Level 7.0 Conjurations
 - Level 2.3 Hexes
 - Level 10.7 Charms
 - Level 10.7 Summonings
 - Level 5.8 Necromancy
 + Level 1.4 Translocations
 - Level 5.5 Ice Magic
 - Level 14.1 Air Magic
   Level 2.3 Poison Magic
 - Level 2.5 Invocations


You had one spell level left.
You knew the following spells:

 Your Spells              Type           Power        Failure   Level  Hunger
c - Throw Icicle          Conj/Ice       ####....     30%         4    ###....
e - Swiftness             Chrm/Air       ######..     1%          2    None
f - Call Canine Familiar  Summ           #####...     1%          3    None
g - Summon Lightning Spi  Summ/Air       ######..     2%          4    ###....
h - Spectral Weapon       Hex/Chrm       ####....     10%         3    None
p - Apportation           Tloc           ##........   21%         1    None
q - Regeneration          Chrm/Necr      #####.....   4%          3    None
r - Deflect Missiles      Chrm/Air       ######....   38%         6    ######.
s - Summon Ice Beast      Ice/Summ       #####...     14%         4    ###....
w - Blink                 Tloc           N/A          30%         2    None
x - Airstrike             Air            ######....   1%          4    ###....


Dungeon Overview and Level Annotations

Branches:
Dungeon (15/15)            Temple (1/1) D:4            Lair (8/8) D:11
 Shoals (4/5) Lair:6        Snake (4/5) Lair:5        Slime (0/6) Lair:7
    Orc (4/4) D:9             Elf (3/3) Orc:3        Vaults (0/5) D:14
 Depths (0/5) D:15

Altars:
Ashenzari
Cheibriados
Dithmenos
Elyvilon
Fedhas
Gozag
Kikubaaqudgha
Makhleb
Nemelex Xobeh
Okawaru
Qazlal
Ru
Sif Muna
Trog
Xom
Yredelemnul
The Shining One

Shops:
D:4 }   D:5 [   D:7 [   D:9 [   D:10 *   D:12 :   D:13 *   Orc:4 ?=%}
Elf:1 =*[[   Elf:3 :[}*:   Shoals:3 =   Shoals:4 *   Snake:1 *(%(*   Snake:2 (

Annotations:
Lair:8 exclusion: 3 oklob plants
Shoals:1 exclusion: Roxanne, Roxanne
Elf:2 3 runed doors, exclusion: ice statue


Innate Abilities, Weirdness & Mutations

You can fly continuously.
You have a beak for a mouth.
You have claws for feet.
You are covered in fur (AC +1).


Message History

The ufetubus barely misses you. The ufetubus misses you.
A lich comes into view.
The lich shouts!
You slash the ufetubus!! You burn the ufetubus.
You kill the ufetubus!
The lich casts a spell at you.
You suddenly lose the ability to move!
The lich gestures at you while chanting.
You resist with some effort.
The lich casts a spell.
The lich summons a servant imbued with its destructive magic!
Your skin is crawling a little less now.
The lich touches you but does no damage.
The spellforged servitor gestures at you while chanting.
Helpless, you fail to dodge the crystal spear.
Ouch! That really hurt!
The lich touches you but does no damage.
The spellforged servitor points at you and mumbles some strange words.
The crystal spear hits you!
You die...

.. #### .
..
#.§####..
#. .§.#.#.
#.#
..#..## ..
#..#.....#
..#
#.8.#.##
#.#
#L@...#. #
#.#....#.#
##..#...##
#..#...##
###..#..##
# ...#.#.
. #.#
..###..
#.# ...#
#. # . #..
.... #. #
# .##.


You could see a lich and a spellforged servitor.

Vanquished Creatures
  A lich (Abyss:2)
  2 tentacled starspawn (Abyss:2)
  Agnes (Shoals:4)
  Frances (Snake:4)
  Aizul (Snake:1)
  Gastronok (Orc:2)
  2 deep elf sorcerers
  A deep elf annihilator (Elf:1)
  A merfolk javelineer (Shoals:4)
  A merfolk impaler (Shoals:1)
  3 vault guards (D:14)
  A deep elf high priest (Elf:3)
  6 hydras (Elf:2)
  5 naga warriors
  Nessos (Elf:2)
  A great orb of eyes (D:15)
  A hell beast (Elf:2)
  2 centaur warriors
  3 anacondas
  An ogre mage (D:14)
  4 dancing weapons (Elf:2)
  2 tengu warriors (D:15)
  A naga sharpshooter (Snake:4)
  4 thrashing horrors (Abyss:2)
  2 orc high priests
  Urug (Shoals:1)
  4 shock serpents
  A hell knight (Volcano)
  11 deep elf knights
  4 wretched stars (Abyss:2)
  A soul eater (Abyss:2)
  A skeletal warrior (D:12)
  A giant orange brain (Abyss:2)
  2 unseen horrors
  5 sea snakes
  9 deep elf summoners
  A swamp dragon (shapeshifter) (Abyss:2)
  4 harpies
  3 hill giants (D:12)
  A lindwurm (Lair:8)
  A naga ritualist (Snake:4)
  6 ugly things
  2 orc knights (Orc:4)
  3 water nymphs
  2 orc sorcerers
  17 deep elf conjurers
  2 worldbinders (Abyss:2)
  A mana viper (Snake:3)
  2 guardian serpents (Abyss:2)
  7 griffons
  8 fauns
  8 manticores
  2 smoke demons (Abyss:2)
  6 centaur zombies
  A toenail golem (Volcano)
  A draconian (shapeshifter) (Elf:1)
  A sixfirhy (Abyss:2)
  11 black mambas
  3 salamanders
  A siren (Shoals:3)
  3 gargoyles
  6 elephants
  6 naga magi
  2 spiny frogs
  Psyche (D:11)
  7 small abominations
  An efreet (Abyss:2)
  A fire drake (Lair:8)
  3 ancient zymes (Abyss:2)
  2 orange demons (Abyss:2)
  A demonic crawler (Abyss:2)
  A hellwing (Abyss:2)
  8 deep elf priests
  6 trolls
  3 komodo dragons
  3 freezing wraiths (IceCv)
  4 large abominations (Abyss:2)
  8 merfolk
  6 blink frogs
  A slime creature (shapeshifter) (Elf:1)
  3 raiju (Abyss:2)
  3 ravens (D:15)
  2 two-headed ogres
  7 slime creatures
  A wind drake (Shoals:4)
  A trapdoor spider (D:13)
  6 starcursed masses (Abyss:2)
  5 snapping turtles
  19 deep elf magi
  9 water elementals
  A redback (Elf:2)
  4 basilisks
  2 wraiths
  2 shadows
  3 yaks (Lair:8)
  20 deep elf fighters
  A hungry ghost (Abyss:2)
  5 golden eyes (Abyss:2)
  A vampire (D:13)
  2 chaos spawn (Abyss:2)
  8 hippogriffs
  3 fire elementals (Snake:4)
  2 wargs
  2 ynoxinuls (Abyss:2)
  7 vampire mosquitoes (D:14)
  19 nagas
  A human zombie (D:15)
  A hell hound (Elf:2)
  9 ice beasts
  A soldier ant (D:10)
  15 water moccasins
  26 orc warriors
  2 phantoms
  3 porcupines
  4 ogres
  2 black bears
  2 big kobolds (D:13)
  8 crocodiles
  12 centaurs
  11 giant frogs
  A gnoll sergeant (D:7)
  An elf skeleton (D:7)
  A wyvern skeleton (D:13)
  4 scorpions
  9 killer bees
  3 crimson imps
  A wasp zombie (D:10)
  2 vampire bats (D:12)
  A goliath beetle (D:11)
  A jelly (Lair:7)
  A giant frog zombie (D:13)
  19 orc priests
  3 giant frog skeletons
  3 hounds
  3 centaur skeletons
  9 iguanas
  24 orc wizards
  A draconian simulacrum (IceCv)
  2 human skeletons (D:7)
  A spriggan simulacrum (IceCv)
  A hell rat (Elf:2)
  8 worker ants
  A killer bee zombie (D:6)
  10 sheep
  A centaur simulacrum (IceCv)
  A hound skeleton (D:7)
  A mummy (D:13)
  13 adders
  2 orc zombies (D:15)
  A gnoll (D:7)
  A naga simulacrum (IceCv)
  31 river rats
  A shadow imp (D:11)
  4 white imps
  A giant mite (D:6)
  3 worms
  2 ufetubi (Abyss:2)
  An adder skeleton (D:5)
  5 giant geckos
  122 orcs
  4 giant cockroaches
  14 hobgoblins
  9 jackals
  29 kobolds
  9 quokkas
  4 ball pythons
  25 bats
  4 giant newts (Sewer)
  4 giant spores
  4 gnoll skeletons (Ossuary)
  18 goblins
  2 kobold skeletons (Ossuary)
  4 orc skeletons
  A quokka zombie (D:7)
  10 rats
  A spectral orc (Lair:5)
  26 ballistomycetes
  3 fungi
  8 plants
  2 starspawn tentacles (Abyss:2)
972 creatures vanquished.

Vanquished Creatures (collateral kills)
  Nikola (Snake:2)
  Asterion (Elf:1)
  A greater naga (Snake:4)
  Donald (Elf:1)
  The ghost of RobertPalmer the Unseen, a mighty OpFi of Makhleb (D:15)
  Louise (Shoals:1)
  Jorgrun (Snake:2)
  A very ugly thing (D:12)
  Azrael (Snake:4)
  A fire dragon (Elf:2)
  A merfolk impaler (Shoals:1)
  2 vault guards (D:14)
  A naga warrior (Snake:2)
  2 merfolk avatars (Shoals:2)
  7 hydras
  4 anacondas
  25 death yaks
  A catoblepas (Lair:8)
  A deep troll shaman (Lair:8)
  A tengu warrior (D:15)
  A satyr (Shoals:4)
  3 naga sharpshooters
  5 orc high priests
  A shock serpent (Snake:3)
  Nergalle (Lair:5)
  2 salamander mystics
  3 skeletal warriors
  2 deep elf knights (Elf:1)
  A naga ritualist (Snake:2)
  3 hill giants
  An ice statue (IceCv)
  4 sea snakes
  3 harpies (Shoals:1)
  5 deep elf conjurers
  4 wizards
  2 necromancers
  7 ugly things
  5 mana vipers
  4 orc knights (Orc:4)
  5 water nymphs
  An orc sorcerer (Orc:4)
  4 salamanders
  3 fauns
  A cyclops (D:12)
  6 manticores
  10 black mambas
  11 elephants
  2 sirens
  5 griffons
  7 naga magi
  A torpor snail (Lair:4)
  9 spiny frogs
  2 centaur skeletons
  An efreet (Abyss:2)
  A tengu conjurer (D:14)
  7 komodo dragons
  A yaktaur (D:14)
  8 freezing wraiths
  5 fire drakes
  An ancient zyme (Abyss:2)
  A hellwing (Elf:1)
  3 two-headed ogres
  4 merfolk
  A wind drake (Shoals:1)
  3 trolls
  Sonja (Orc:3)
  A queen bee (D:9)
  4 snapping turtles
  5 basilisks
  A raven (D:15)
  15 blink frogs
  A shadow (D:12)
  7 wyverns
  2 redbacks (Elf:1)
  A small abomination (Abyss:2)
  35 yaks
  A hog (D:7)
  5 deep elf magi
  12 hippogriffs
  4 deep elf fighters (Elf:1)
  2 humans
  A warg (D:9)
  A wraith (Ossuary)
  12 wolves
  Menkaure (D:4)
  18 nagas
  10 water moccasins
  A human zombie (D:15)
  2 hell hounds (Volcano)
  19 orc warriors
  2 sky beasts (D:12)
  5 ice beasts
  5 porcupines
  A wasp (D:13)
  A lightning spire (Snake:4)
  A black bear (Lair:8)
  A necrophage (D:10)
  2 boring beetles (Lair:8)
  6 ogres
  10 crocodiles
  9 centaurs
  7 giant frogs
  A big kobold (D:9)
  A wyvern zombie (D:6)
  2 scorpions
  A wyvern skeleton (D:11)
  27 killer bees
  A crimson imp (D:5)
  5 goliath beetles
  26 orc priests
  A giant frog zombie (D:5)
  3 draconian simulacra (IceCv)
  4 hounds
  7 orc wizards
  2 giant frog skeletons
  2 jellies
  A polar bear simulacrum (IceCv)
  Natasha (thrice) (D:6)
  3 hell rats (Elf:1)
  5 iguanas
  5 troll simulacra (IceCv)
  3 wolf simulacra (IceCv)
  2 worker ants
  3 sheep (D:7)
  4 centaur simulacra (IceCv)
  A hound skeleton (D:4)
  A mummy (Ossuary)
  An ogre simulacrum (IceCv)
  17 river rats
  14 adders
  11 gnolls
  3 naga simulacra (IceCv)
  2 shadow imps
  9 white imps (IceCv)
  2 worms
  An ufetubus (Orc:4)
  An ooze (D:2)
  96 orcs
  3 giant cockroaches
  10 goblins
  5 hobgoblins
  10 jackals
  11 kobolds
  A quokka (Lair:1)
  A ball python (D:1)
  6 bats
  A giant gecko skeleton (D:6)
  2 giant newts
  5 gnoll skeletons (Ossuary)
  13 orc skeletons
  An orc zombie (D:15)
  6 rats
  2 spectral orcs (Lair:5)
  2 ballistomycetes (D:12)
  3 fungi (Lair:8)
  A plant (Lair:8)
781 creatures vanquished.

Vanquished Creatures (others)
  5 spectral weapons
  A deep elf knight (Elf:1)
  A skeletal warrior (D:12)
  A toenail golem (Volcano)
  13 drowned souls (Shoals:2)
  A black mamba (Snake:2)
  A fire elemental (Snake:4)
  31 wargs
  54 wolves
  182 ice beasts
  19 hounds
  12 crimson imps
  An iron imp (D:7)
  78 lightning spires
  A shadow imp (D:6)
  8 white imps
  An adder skeleton (D:5)
  3 orcs (D:12)
  3 bats
  8 quokkas
  2 giant spores
  A lurking horror (Abyss:2)
  6 rats
  10 fungi
  2 plants
  3 starspawn tentacles (Abyss:2)
  2 starspawn tentacle segments (Abyss:2)
450 creatures vanquished.

Grand Total: 2203 creatures vanquished

Notes
Turn   | Place    | Note
--------------------------------------------------------------
     0 | D:1      | Medar, the Tengu Summoner, began the quest for the Orb.
     0 | D:1      | Reached XP level 1. HP: 10/10 MP: 3/3
   153 | D:1      | Reached skill level 5 in Summonings
   390 | D:1      | Reached XP level 2. HP: 12/15 MP: 3/5
   456 | D:1      | Learned a level 2 spell: Call Imp
   471 | D:1      | Reached skill level 1 in Short Blades
   909 | D:2      | Reached XP level 3. HP: 16/20 MP: 1/7
  1097 | D:2      | Reached skill level 1 in Fighting
  1337 | D:2      | Reached XP level 4. HP: 25/25 MP: 2/9
  1351 | D:2      | Learned a level 3 spell: Call Canine Familiar
  2196 | D:3      | Found an opulent altar of Gozag.
  2823 | D:3      | Reached XP level 5. HP: 23/29 MP: 9/13
  2893 | D:3      | Learned a level 4 spell: Summon Lightning Spire
  3110 | D:4      | Noticed Menkaure
  3382 | D:4      | Found a blossoming altar of Fedhas.
  3524 | D:4      | Killed Menkaure
  3524 | D:4      | Reached skill level 1 in Air Magic
  3686 | D:4      | Reached XP level 6. HP: 34/34 MP: 4/15
  3782 | D:4      | Noticed an ogre
  3791 | D:4      | Killed an ogre
  3846 | D:4      | Noticed a phantom
  3880 | D:4      | Killed a phantom
  3990 | D:5      | Entered Level 5 of the Dungeon
  3997 | D:5      | Reached skill level 6 in Summonings
  4155 | D:4      | Found Geat's Gadget Shoppe.
  4158 | D:4      | Bought a wand of draining (5) for 99 gold pieces
  4254 | D:4      | Found a staircase to the Ecumenical Temple.
  4265 | Temple   | Entered the Ecumenical Temple
  4650 | D:4      | Found a shattered altar of Ashenzari.
  4650 | D:4      | Found an ancient bone altar of Kikubaaqudgha.
  5068 | D:5      | Reached XP level 7. HP: 38/38 MP: 18/18
  5436 | D:5      | Found Itzaerghu's Antique Armour Emporium.
  5805 | D:5      | Found a white marble altar of Elyvilon.
  6622 | D:6      | Reached skill level 7 in Summonings
  6622 | D:6      | Reached skill level 5 in Air Magic
  6755 | D:6      | Found a sacrificial altar of Ru.
  6833 | D:6      | Learned a level 4 spell: Summon Ice Beast
  6890 | D:6      | Reached XP level 8. HP: 43/43 MP: 6/21
  7078 | D:6      | Noticed Natasha
  7083 | D:6      | Found a glowing drain.
  7094 | D:6      | Killed Natasha
  7100 | Sewer    | Entered a sewer
  8047 | D:6      | Noticed Natasha
  8050 | D:6      | Killed Natasha
  8208 | D:6      | Reached skill level 1 in Ice Magic
  8732 | D:6      | Reached skill level 1 in Shields
  8766 | D:6      | Found a glowing golden altar of the Shining One.
  8810 | D:6      | Noticed Natasha
  8819 | D:6      | Killed Natasha
  9156 | D:7      | Found a sand-covered staircase.
  9241 | Ossuary  | Entered an ossuary
  9684 | D:7      | Found a deep blue altar of Sif Muna.
  9699 | D:7      | Became a worshipper of Sif Muna the Loreminder
  9794 | D:7      | Found Poot's Armour Boutique.
 10173 | D:7      | Reached skill level 5 in Spellcasting
 10357 | D:7      | Reached XP level 9. HP: 22/47 MP: 12/23
 10602 | D:7      | Acquired Sif Muna's first power
 10608 | D:7      | Reached skill level 8 in Summonings
 11460 | D:9      | Found Vehosiaf's Armour Shop.
 11572 | D:7      | Bought a +2 pair of gloves of archery for 181 gold pieces
 11891 | D:9      | Reached skill level 9 in Summonings
 11914 | D:9      | Acquired Sif Muna's second power
 12808 | D:9      | Reached skill level 5 in Dodging
 12903 | D:9      | Identified Sif Muna's Almanac of the Okapi
 12955 | D:9      | Found an iron altar of Okawaru.
 12955 | D:9      | Found a snail-covered altar of Cheibriados.
 13211 | D:9      | Found a staircase to the Orcish Mines.
 13223 | D:9      | Reached XP level 10. HP: 56/56 MP: 8/24
 14175 | D:10     | Entered Level 10 of the Dungeon
 14350 | D:10     | Reached skill level 1 in Axes
 14701 | D:10     | Reached skill level 10 in Summonings
 14964 | D:10     | Found Greemiba's General Store.
 15237 | D:10     | Found a bloodstained altar of Trog.
 15864 | D:11     | Noticed an elephant
 15864 | D:11     | Found a staircase to the Lair.
 15872 | D:11     | Killed an elephant
 16335 | D:11     | Got a faintly glowing arbalest
 16341 | D:11     | Identified the cursed +2 arbalest of the Gloaming {velocity, Dex+3 Stlth+} (You found it on level 11 of the Dungeon)
 16595 | D:11     | Noticed Psyche
 16683 | D:11     | Noticed a hill giant
 16701 | D:11     | Killed a hill giant
 16701 | D:11     | Reached XP level 11. HP: 60/60 MP: 20/27
 16756 | Lair:1   | Entered Level 1 of the Lair of Beasts
 17043 | Lair:1   | Gained mutation: You evolve. [potion of mutation]
 17043 | Lair:1   | Gained mutation: You are robust (+10% HP). [potion of mutation]
 17043 | Lair:1   | Lost mutation: You evolve. [potion of mutation]
 17070 | Lair:1   | Acquired Sif Muna's third power
 17832 | Lair:1   | Reached skill level 5 in Fighting
 18445 | Lair:2   | Got an ancient jade amulet
 18447 | Lair:2   | Identified the amulet "Khuebb" {+Rage rC+} (You found it on level 2 of the Lair of Beasts)
 18925 | Lair:3   | Noticed a death yak
 18925 | Lair:3   | Noticed a death yak
 18925 | Lair:3   | Noticed a death yak
 18925 | Lair:3   | Noticed a death yak
 19021 | Lair:3   | Noticed a five-headed hydra
 19048 | Lair:3   | Killed a five-headed hydra
 19760 | Lair:3   | Killed a death yak
 20123 | Lair:3   | Killed a death yak
 20318 | Lair:3   | Killed a death yak
 20367 | Lair:3   | Killed a death yak
 20575 | Lair:3   | You fall through a shaft for 3 floors!
 20576 | Lair:6   | Found a staircase to the Shoals.
 20790 | Lair:5   | Found a staircase to the Snake Pit.
 20839 | Lair:5   | Noticed Nergalle
 20852 | Lair:5   | Killed Nergalle
 21057 | Lair:5   | Reached XP level 12. HP: 73/78 MP: 17/29
 21218 | Lair:4   | Found a dark tunnel.
 21229 | Volcano  | Entered a volcano
 21749 | Lair:4   | Got a slimy robe
 21781 | Lair:3   | Identified the +2 robe of Negligence {rElec MR+ Int-4 Dex+2} (You found it on level 4 of the Lair of Beasts)
 21843 | Lair:4   | Noticed a six-headed hydra
 21852 | Lair:4   | Killed a six-headed hydra
 22090 | Lair:4   | Reached skill level 10 in Air Magic
 23014 | Lair:4   | Noticed a death yak
 23016 | Lair:4   | Noticed a death yak
 23018 | Lair:4   | Noticed a death yak
 23018 | Lair:4   | Noticed a death yak
 23021 | Lair:4   | Killed a death yak
 23022 | Lair:4   | Killed a death yak
 23025 | Lair:4   | Killed a death yak
 23083 | Lair:4   | Killed a death yak
 23364 | Lair:4   | Noticed a death yak
 23373 | Lair:4   | Noticed a death yak
 23373 | Lair:4   | Noticed a death yak
 23379 | Lair:4   | Noticed a death yak
 23387 | Lair:4   | Killed a death yak
 23387 | Lair:4   | Killed a death yak
 23387 | Lair:4   | Killed a death yak
 23394 | Lair:4   | Killed a death yak
 23841 | Lair:4   | Reached skill level 10 in Dodging
 23841 | Lair:4   | Reached skill level 11 in Air Magic
 23978 | Lair:5   | Noticed a death yak
 23978 | Lair:5   | Noticed a death yak
 23978 | Lair:5   | Noticed a death yak
 23978 | Lair:5   | Noticed a death yak
 24016 | Lair:5   | Killed a death yak
 24155 | Lair:5   | Killed a death yak
 24155 | Lair:5   | Reached skill level 1 in Armour
 24161 | Lair:5   | Killed a death yak
 24847 | Lair:5   | Killed a death yak
 24847 | Lair:5   | Reached XP level 13. HP: 85/85 MP: 19/31
 26669 | Lair:7   | Found a staircase to the Slime Pits.
 26899 | Lair:7   | Reached skill level 5 in Ice Magic
 26910 | Lair:7   | Reached skill level 1 in Invocations
 27473 | Lair:7   | Reached skill level 10 in Spellcasting
 27547 | Lair:7   | Gained mutation: Your magical capacity is low (-10% MP). [potion of mutation]
 27547 | Lair:7   | Gained mutation: You are partially covered in slimy green scales (AC +2). [potion of mutation]
 27547 | Lair:7   | Gained mutation: Your magical capacity is very low (-20% MP). [potion of mutation]
 27869 | Lair:8   | Entered Level 8 of the Lair of Beasts
 27997 | Lair:8   | Lost mutation: Your magical capacity is very low (-20% MP). [potion of cure mutation]
 27997 | Lair:8   | Lost mutation: You are partially covered in slimy green scales (AC +2). [potion of cure mutation]
 27997 | Lair:8   | Lost mutation: Your magical capacity is low (-10% MP). [potion of cure mutation]
 27997 | Lair:8   | Lost mutation: You are robust (+10% HP). [potion of cure mutation]
 28042 | Lair:8   | Received a gift from Sif Muna
 28045 | Lair:8   | Identified Sif Muna's Volume of Destructive Flight (Sif Muna gifted it to you on level 8 of the Lair of Beasts)
 28125 | Lair:8   | Learned a level 2 spell: Swiftness
 28129 | Lair:8   | Learned a level 3 spell: Mephitic Cloud
 28257 | Lair:8   | Reached skill level 1 in Conjurations
 28261 | Lair:8   | Reached skill level 1 in Poison Magic
 28401 | Lair:8   | Reached skill level 1 in Charms
 30682 | Lair:8   | Reached skill level 5 in Conjurations
 30979 | Lair:8   | Reached XP level 14. HP: 63/84 MP: 16/33
 31845 | Orc:1    | Entered Level 1 of the Orcish Mines
 32711 | Orc:3    | Found a frozen archway.
 32736 | IceCv    | Entered an ice cave
 32971 | IceCv    | Reached skill level 5 in Charms
 33894 | IceCv    | Found an ancient bone altar of Kikubaaqudgha.
 33950 | IceCv    | Learned a level 4 spell: Throw Icicle
 33954 | IceCv    | Learned a level 3 spell: Ozocubu's Armour
 34620 | IceCv    | Learned a level 6 spell: Freezing Cloud
 34747 | Orc:3    | Noticed Sonja
 34768 | Orc:3    | Killed Sonja
 34798 | Orc:3    | Found a staircase to the Elven Halls.
 35190 | Orc:4    | Entered Level 4 of the Orcish Mines
 35195 | Orc:4    | Paralysed by an orc sorcerer for 5 turns
 35488 | Orc:2    | Reached skill level 1 in Long Blades
 35616 | Orc:2    | Noticed Gastronok
 35877 | Orc:2    | Killed Gastronok
 37650 | Orc:4    | Reached skill level 5 in Long Blades
 39072 | Orc:4    | Found Giboin's Food Shoppe.
 39072 | Orc:4    | Found Isyliw's Magic Scroll Emporium.
 39074 | Orc:4    | Found Teho's Gadget Emporium.
 39075 | Orc:4    | Found Meajag's Jewellery Emporium.
 39083 | Orc:4    | Bought a scroll of identify for 26 gold pieces
 39083 | Orc:4    | Bought a scroll of identify for 26 gold pieces
 39083 | Orc:4    | Bought a scroll of identify for 26 gold pieces
 39083 | Orc:4    | Bought a scroll of identify for 26 gold pieces
 39083 | Orc:4    | Bought a scroll of identify for 26 gold pieces
 39373 | D:12     | Found Ogiuxuah's Book Boutique.
 40942 | D:12     | Gained mutation: You are frail (-10% HP). [mutagenic meat]
 40943 | D:12     | Gained mutation: You are partially covered in iridescent scales (AC +4). [mutagenic meat]
 41087 | D:11     | Killed Psyche
 41171 | D:12     | Received a gift from Sif Muna
 41177 | D:12     | Identified Sif Muna's Guide on the Birds (Sif Muna gifted it to you on level 12 of the Dungeon)
 41182 | D:12     | Learned a level 2 spell: Repel Missiles
 41316 | D:12     | Reached skill level 12 in Air Magic
 41464 | D:12     | Noticed a red very ugly thing
 41520 | D:12     | Killed a red very ugly thing
 42195 | D:5      | Bought a glowing pearl dragon armour for 2500 gold pieces
 42767 | D:11     | Reached skill level 5 in Armour
 42809 | D:11     | Lost mutation: You are frail (-10% HP). [potion of cure mutation]
 42809 | D:11     | Lost mutation: You are partially covered in iridescent scales (AC +4). [potion of cure mutation]
 42810 | D:11     | Gained mutation: Your flesh is heat resistant. [mutagenic meat]
 42814 | D:11     | Gained mutation: Your spells are a little harder to cast, but a little more powerful. [potion of beneficial mutation]
 43412 | D:11     | Learned a level 3 spell: Regeneration
 43702 | D:13     | Reached skill level 1 in Necromancy
 43815 | D:13     | Found Reameuff's Blood Bar.
 43991 | D:13     | Reached XP level 15. HP: 86/88 MP: 30/34
 46102 | D:15     | Entered Level 15 of the Dungeon
 46696 | D:14     | Found a gate to the Vaults.
 46902 | D:15     | Reached skill level 5 in Necromancy
 47371 | D:15     | Noticed RobertPalmer's ghost (mighty OpFi)
 47422 | D:15     | Killed RobertPalmer's ghost
 48261 | D:15     | Found a staircase to the Depths.
 49135 | Elf:1    | Entered Level 1 of the Elven Halls
 49505 | Shoals:1 | Entered Level 1 of the Shoals
 49560 | Shoals:1 | Found a flickering gateway to a bazaar.
 49563 | Shoals:1 | Noticed Louise
 49576 | Shoals:1 | Killed Louise
 49585 | Bazaar   | Entered a bazaar
 49587 | Bazaar   | Found Vynil's Jewellery Boutique.
 49643 | Bazaar   | Found Doteh's Book Boutique.
 49644 | Bazaar   | Found Chemaxto's Magic Scroll Boutique.
 49644 | Bazaar   | Found Wankiv's Book Boutique.
 49682 | Bazaar   | Bought a scroll of identify for 20 gold pieces
 49682 | Bazaar   | Bought a scroll of identify for 20 gold pieces
 49731 | Shoals:1 | Reached skill level 10 in Long Blades
 49922 | Shoals:1 | Noticed Roxanne
 50121 | Shoals:1 | Noticed Urug
 50128 | Shoals:1 | Killed Urug
 50514 | D:11     | Learned a level 3 spell: Spectral Weapon
 51249 | Shoals:1 | Learned a level 1 spell: Apportation
 51399 | Shoals:1 | Received a gift from Sif Muna
 51400 | Shoals:1 | Identified Sif Muna's Reference Book on Confrontation (Sif Muna gifted it to you on level 1 of the Shoals)
 51411 | Shoals:1 | Reached skill level 1 in Hexes
 51666 | Shoals:2 | Reached XP level 16. HP: 77/94 MP: 22/34
 53239 | Shoals:3 | Found Toadgh's Jewellery Boutique.
 53400 | Shoals:3 | Got a transparent turquoise ring
 53402 | Shoals:3 | Identified the ring "Thid" {+Blink rPois MP+9} (You found it on level 3 of the Shoals)
 53483 | Snake:1  | Entered Level 1 of the Snake Pit
 53483 | Snake:1  | Found Tweckuap's Assorted Antiques.
 53628 | Snake:1  | Found an iron altar of Okawaru.
 53631 | Snake:1  | Bought a pair of runed gloves for 144 gold pieces
 53912 | Snake:1  | Found Seureok's Weapon Boutique.
 54060 | Snake:1  | Noticed Aizul
 54098 | Snake:1  | Killed Aizul
 54523 | Snake:1  | Found Wiexkio's Weapon Shoppe.
 54689 | Snake:1  | Found Schuas' Assorted Antiques.
 54834 | Snake:1  | Found Cumm's Food Shoppe.
 56277 | Snake:2  | Noticed Jorgrun
 56296 | Snake:2  | Killed Jorgrun
 56483 | Snake:2  | Noticed Nikola
 56504 | Snake:2  | Killed Nikola
 56504 | Snake:2  | Reached skill level 10 in Fighting
 56668 | Snake:2  | Found Seyhe's Weapon Boutique.
 57624 | Snake:3  | Gained mutation: You have a pair of small antennae on your head. [potion of beneficial mutation]
 58440 | D:11     | Gained mutation: You are covered in fur (AC +1). [potion of beneficial mutation]
 58446 | D:11     | Learned a level 4 spell: Airstrike
 58892 | Snake:4  | Noticed Frances
 58904 | Snake:4  | Killed Frances
 59407 | Snake:4  | Noticed Azrael
 59417 | Snake:4  | Killed Azrael
 59742 | Snake:4  | Reached XP level 17. HP: 91/102 MP: 35/35
 60655 | Snake:4  | Identified Sif Muna's Papyrus of Spatial Talismans
 61886 | Shoals:4 | Noticed Agnes
 62223 | Shoals:4 | Killed Agnes
 62658 | Shoals:4 | Found Tesk's General Store.
 63425 | Shoals:4 | Received a gift from Sif Muna
 63428 | Shoals:4 | Identified Sif Muna's Catalogue of Good Luck and the Birds (Sif Muna gifted it to you on level 4 of the Shoals)
 63438 | Shoals:4 | Learned a level 6 spell: Deflect Missiles
 63984 | Orc:4    | Bought the ring "Megerr" {rElec rC+ MR+ Stlth+} for 732 gold pieces
 64124 | Elf:1    | Noticed Donald
 64148 | Elf:1    | Killed Donald
 64148 | Elf:1    | Reached skill level 13 in Air Magic
 64347 | Elf:1    | Noticed Asterion
 64358 | Elf:1    | Killed Asterion
 64358 | Elf:1    | Reached skill level 10 in Charms
 64385 | Elf:1    | Found Rauj Cliqa's Armour Emporium.
 64406 | Elf:1    | Found Friagick's Antique Armour Emporium.
 65225 | Elf:1    | Identified the Disquisition on Virous Attacks (You found it on level 1 of the Elven Halls)
 65264 | Elf:1    | Found Twymisah's Assorted Antiques.
 65295 | Elf:1    | Bought a cyan potion for 28 gold pieces
 65357 | Elf:1    | Gained mutation: You can breathe flames. [mutagenic meat]
 65358 | Elf:1    | Gained mutation: Your spells are harder to cast, but more powerful. [mutagenic meat]
 65422 | Elf:1    | Found Striceimn's Jewellery Shop.
 65724 | Elf:2    | Noticed Nessos
 65968 | Elf:2    | Killed Nessos
 66277 | Elf:2    | Noticed a deep elf blademaster
 66499 | Elf:2    | Reached skill level 14 in Dodging
 66816 | Elf:2    | Reached XP level 18. HP: 103/107 MP: 36/36
 66849 | Elf:2    | Found a runed gate.
 66850 | Elf:2    | Found a runed gate.
 66851 | Elf:2    | Found a runed gate.
 66889 | Elf:2    | Reached skill level 15 in Dodging
 67048 | Elf:3    | Entered Level 3 of the Elven Halls
 67048 | Elf:3    | Found Puxtidim's Gadget Boutique.
 67050 | Elf:3    | Found Wuwenkao's Antique Armour Shop.
 67082 | Elf:3    | Bought a glowing cloak for 148 gold pieces
 67133 | Elf:3    | Found Agoapled's Book Shoppe.
 67505 | Elf:3    | Found Ohulakh's Book Shoppe.
 67511 | Elf:3    | Reached skill level 16 in Dodging
 67553 | Elf:3    | Found Voyherche's Assorted Antiques.
 67567 | Elf:3    | Bought a scroll of enchant armour for 187 gold pieces
 67740 | Elf:3    | Bought a book of Minor Magic for 220 gold pieces
 67744 | Elf:3    | Learned a level 2 spell: Blink
 68019 | Elf:3    | Upgraded the game from 0.16.0-11-gd45b091 to 0.16.0-12-g7215832
 68202 | Elf:3    | Cast into the Abyss (a deep elf sorcerer)
 68303 | Abyss:2  | Found a corrupted altar of Lugonu.
 68360 | Abyss:2  | Reached skill level 17 in Dodging
 68886 | Abyss:2  | Noticed a lich
 68903 | Abyss:2  | Killed a lich
 69126 | Abyss:2  | Found a corrupted altar of Lugonu.
 69516 | Abyss:2  | Gained mutation: Your magical capacity is low (-10% MP). [mutagenic meat]
 69517 | Abyss:2  | Lost mutation: Your flesh is heat resistant. [potion of cure mutation]
 69517 | Abyss:2  | Lost mutation: You have a pair of small antennae on your head. [potion of cure mutation]
 69517 | Abyss:2  | Lost mutation: Your magical capacity is low (-10% MP). [potion of cure mutation]
 69517 | Abyss:2  | Lost mutation: Your spells are harder to cast, but more powerful. [potion of cure mutation]
 69517 | Abyss:2  | Lost mutation: Your spells are a little harder to cast, but a little more powerful. [potion of cure mutation]
 69517 | Abyss:2  | Lost mutation: You can breathe flames. [potion of cure mutation]
 69543 | Abyss:2  | Paralysed by you for 5 turns
 69666 | Abyss:2  | Reached skill level 1 in Translocations
 69705 | Abyss:2  | Noticed a lich
 69706 | Abyss:2  | Paralysed by a lich for 7 turns
 69712 | Abyss:2  | Killed from afar by a spellforged servitor

Action                   |  1- 3 |  4- 6 |  7- 9 | 10-12 | 13-15 | 16-18 || total
-------------------------+-------+-------+-------+-------+-------+-------++-------
Melee: Dagger            |    54 |    92 |   477 |    17 |       |       ||   640
       Unarmed           |     4 |       |       |       |       |     1 ||     5
       Mace              |       |       |    11 |     8 |       |       ||    19
       Hand axe          |       |       |       |   379 |   510 |       ||   889
       Scimitar          |       |       |       |       |  1016 |  1448 ||  2464
 Cast: Summon Small Mamm |    32 |    27 |     4 |       |       |       ||    63
       Call Imp          |    14 |    39 |    61 |       |       |       ||   114
       Call Canine Famil |       |    18 |    44 |    28 |   107 |    36 ||   233
       Summon Lightning  |       |       |    36 |    50 |   107 |    61 ||   254
       Summon Ice Beast  |       |       |    23 |   208 |   348 |   181 ||   760
       Freezing Cloud    |       |       |       |       |     2 |       ||     2
       Ozocubu's Armour  |       |       |       |       |     2 |       ||     2
       Throw Icicle      |       |       |       |       |     2 |     5 ||     7
       Repel Missiles    |       |       |       |       |     1 |     5 ||     6
       Swiftness         |       |       |       |       |     1 |       ||     1
       Apportation       |       |       |       |       |     1 |     7 ||     8
       Mephitic Cloud    |       |       |       |       |     1 |       ||     1
       Spectral Weapon   |       |       |       |       |       |    17 ||    17
       Airstrike         |       |       |       |       |       |    18 ||    18
       Regeneration      |       |       |       |       |       |    25 ||    25
       Deflect Missiles  |       |       |       |       |       |     8 ||     8
Invok: Forget Spell      |       |       |       |       |       |     1 ||     1
 Abil: Fly               |       |       |     4 |    14 |    10 |       ||    28
       Stop Flying       |       |       |       |       |     1 |       ||     1
       Evoke Blink       |       |       |       |       |       |     1 ||     1
Evoke: Wand              |       |       |     1 |       |     3 |    13 ||    17
  Use: Scroll            |     3 |    10 |    10 |    11 |    23 |    24 ||    81
       Potion            |       |     1 |       |     6 |    10 |    20 ||    37
 Stab: Sleeping          |     2 |       |     4 |     5 |     3 |       ||    14
       Distracted        |       |     1 |     6 |    10 |    21 |    14 ||    52
       Invisible         |       |       |       |     4 |     1 |       ||     5
       Petrified         |       |       |       |       |     2 |       ||     2
  Eat: Chunk             |     3 |    27 |    39 |    73 |   126 |    91 ||   359
       Bread ration      |       |       |       |     1 |     2 |       ||     3
       Royal jelly       |       |       |       |     1 |       |       ||     1
       Beef jerky        |       |       |       |     1 |       |       ||     1
